 Dungeon Crawl Stone Soup version 0.32-a0-909-gc671339a80 (webtiles) character file.

Game seed: 10451590515688582310

4727179 lontrex the Petrodigitator (level 27, 153/228 HPs)
             Began as a Djinni Conjurer on Apr 1, 2024.
             Was the Champion of Makhleb.
             Escaped with the Orb
             ... and 5 runes
             ... and 9 gems on Apr 6, 2024!
             The game lasted 05:49:03 (55546 turns).

lontrex the Petrodigitator (Djinni Conjurer)       Turns: 55546, Time: 05:49:03

Health: 153/228    AC: 15    Str:  9    XL:     27
Gold:   7081       EV: 25    Int: 40    God:    Makhleb [******] SH: 26 Dex: 23

rFire   + + +        b - staff of fire
rCold   . . .        U - +5 Storm Queen's Shield {shock, Fly rElec}
rNeg    + + +        i - +2 robe of the Hot Ocelot {rElec Str-3 Int+4 Archmagi}
rPois   ∞            Z - +0 hat "Ripopara" {rF+ rN+ Will+ Str+3}
rElec   +            f - scarf {repulsion}
rCorr   .            x - +0 pair of gloves of Forking Paths {+Inv rC+ Dex+3}
SInv    .            (boots unavailable)
Will    ++++.        k - amulet of Myas {Reflect rElec rN+++ MP+9 SH+5}
Stlth   ++           V - ring of the Tortoise {AC+8}
HPRegen 0.58/turn    R - ring of the Uplifting Fool {Str+3 Int+6 Dex+4 Stlth-}

%: repel missiles, reflection, clarity, archmagi
@: flying, studying 2 skills
A: sickness immunity, fire resistance 2, cold vulnerability 1, float, innate
caster, HP casting, extra vitality 1, horns 1, iridescent scales 1, clarity,
deformed body, strong-willed 1, shaggy fur 1
0: Orb of Zot
}: 5/15 runes: barnacled, slimy, silver, abyssal, gossamer
a: Renounce Religion, Evoke Invisibility, Minor Destruction, Lesser Servant of
Makhleb, Major Destruction, Greater Servant of Makhleb


You escaped.
You worshipped Makhleb.
Makhleb was exalted by your worship.
You visited 12 branches of the dungeon, and saw 56 of its levels.
You visited the Abyss 2 times.
You visited 1 bazaar.
You also visited: Bailey and Ice Cave.

You collected 10677 gold pieces.
You spent 3596 gold pieces at shops.

Inventory:

Hand Weapons
 a - the +11 rapier of Imbalance {speed, Int+6}
   (You found it on level 7 of the Dungeon)

   Int+6:     It affects your intelligence (+6).
 j - the +2 scimitar of Internal Strife {elec, rF+ Str+4 SInv}
   (You found it on level 3 of the Elven Halls)

   Str+4:     It affects your strength (+4).
   rF+:       It protects you from fire.
   SInv:      It lets you see invisible.
 q - the +8 whip "Snakebite" {venom, curare, rPois}
   (You took it off a deep elf pyromancer on level 3 of the Elven Halls)

   rPois:     It protects you from poison.
 w - the +6 falchion of the Bursted God {flame, rF- rCorr Int+3 Dex+6}
   (You found it on level 5 of the Vaults)

   Int+3:     It affects your intelligence (+3).
   Dex+6:     It affects your dexterity (+6).
   rF-:       It makes you vulnerable to fire.
   rCorr:     It protects you from acid and corrosion.
Missiles
 n - 11 throwing nets
 O - 20 curare-tipped darts
Armour
 e - the +6 leather armour of the Cockatrice {Str+4 SInv}
   (You found it on level 1 of the Elven Halls)

   Str+4:     It affects your strength (+4).
   SInv:      It lets you see invisible.
 f - a scarf of repulsion (worn)
 i - the +2 robe of the Hot Ocelot (worn) {rElec Str-3 Int+4 Archmagi}
   (You took it off Boris on level 3 of the Depths)

   Str-3:     It affects your strength (-3).
   Int+4:     It affects your intelligence (+4).
   rElec:     It insulates you from electricity.
   Archmagi:  It increases the power of your magical spells.
 x - the +0 pair of gloves of Forking Paths (worn) {+Inv rC+ Dex+3}
   (You acquired it on level 11 of the Dungeon)

   Dex+3:     It affects your dexterity (+3).
   rC+:       It protects you from cold.
   +Inv:      It lets you turn invisible.
 L - the +2 helmet of Untruth {Regen+ Dex+2}
   (You acquired it on level 3 of the Elven Halls)

   Dex+2:     It affects your dexterity (+2).
   Regen+:    It increases your rate of health regeneration.
 U - the +5 Storm Queen's Shield (worn) {shock, Fly rElec}
   (You found it on level 1 of the Elven Halls)

   Shock:     When it blocks an attack, it may electrocute the attacker.
   This works even against foes who are a short distance away.
   rElec:     It insulates you from electricity.
   Fly:       It grants you flight.
 Z - the +0 hat "Ripopara" (worn) {rF+ rN+ Will+ Str+3}
   (You found it on level 2 of the Realm of Zot)

   Str+3:     It affects your strength (+3).
   rF+:       It protects you from fire.
   rN+:       It protects you from negative energy.
   Will+:     It increases your willpower.
Magical Staves
 b - a staff of fire (weapon)
Jewellery
 k - the amulet of Myas (around neck) {Reflect rElec rN+++ MP+9 SH+5}
   (You bought it in a shop in a bazaar)

   [amulet of reflection]

   Reflect:   It reflects blocked missile attacks.
   rElec:     It insulates you from electricity.
   rN+++:     It renders you almost immune to negative energy.
   MP+9:      It affects your magic capacity (+9).
   SH+5:      It affects your SH (+5).
 m - the ring "Noel" {+Blink rC+ Will+}
   (You took it off a deep elf sorcerer on level 1 of the Elven Halls)

   [ring of protection from cold]

   rC+:       It protects you from cold.
   Will+:     It increases your willpower.
   +Blink:    It lets you blink.
 I - the ring "Keoprus" {rN+ AC+4 Int+4 Dex-4}
   (You took it off a white draconian on level 2 of the Realm of Zot)

   [ring of protection]

   AC+4:      It affects your AC (+4).
   Int+4:     It affects your intelligence (+4).
   Dex-4:     It affects your dexterity (-4).
   rN+:       It protects you from negative energy.
 R - the ring of the Uplifting Fool (right hand) {Str+3 Int+6 Dex+4 Stlth-}
   (You acquired it on level 4 of the Vaults)

   [ring of intelligence]

   Str+3:     It affects your strength (+3).
   Int+6:     It affects your intelligence (+6).
   Dex+4:     It affects your dexterity (+4).
   Stlth-:    It makes you less stealthy.
 V - the ring of the Tortoise (left hand) {AC+8}
   (You found it on level 9 of the Dungeon)

   [ring of protection]

   AC+8:      It affects your AC (+8).
Wands
 g - a wand of mindburst (68)
 l - a wand of paralysis (64)
 t - a wand of polymorph (19)
 D - a wand of roots (101)
 F - a wand of quicksilver (39)
 S - a wand of digging (24)
 T - a wand of flame (45)
Scrolls
 c - 5 scrolls of immolation
 h - 14 scrolls of fear
 o - a scroll of enchant armour
 p - 23 scrolls of teleportation
 r - 4 scrolls of vulnerability
 u - 2 scrolls of blinking
 y - 6 scrolls of torment
 G - 6 scrolls of revelation
 K - a scroll of summoning
 Y - 2 scrolls of fog
Potions
 d - 9 potions of curing
 s - 2 potions of haste
 v - 5 potions of mutation
 z - a potion of resistance
 B - 11 potions of enlightenment
 C - 11 potions of ambrosia
 E - 5 potions of lignification
 H - 5 potions of cancellation
 N - 5 potions of brilliance
 Q - 13 potions of might
 X - 4 potions of invisibility
Miscellaneous
 A - a condenser vane
 J - a box of beasts
 M - a phantom mirror
 P - a phial of floods
 W - a lightning rod (4/4)


   Skills:
 O Level 27 Fighting
 - Level 10.0 Short Blades
 - Level 7.1 Armour
 - Level 18.0 Dodging
 + Level 11.1 Stealth
 - Level 17.0 Shields
 + Level 26.6 Spellcasting
 + Level 26.6 Conjurations
 + Level 26.6 Hexes
 + Level 26.6 Summonings
 + Level 26.6 Necromancy
 + Level 26.6 Translocations
 + Level 26.6 Fire Magic
 + Level 26.6 Ice Magic
 + Level 26.6 Air Magic
 O Level 27 Earth Magic
 + Level 26.6 Alchemy
 - Level 14.0 Invocations
 - Level 14.0 Evocations


You knew the following spells:

 Your Spells              Type           Power      Damage    Failure   Level
a - Iskenderun's Battles  Conj           100%       2d15      0%          5
b - Searing Ray           Conj           100%       2d8       0%          2
c - Fulminant Prism       Conj/Alch      79%        3d32      0%          4
d - Iskenderun's Mystic   Conj/Tloc      100%       2d19      (+2d10%     4
e - Permafrost Eruption   Ice/Erth       79%        2x4d17    0%          6
f - Plasma Beam           Fire/Air       92%        2x1d111   0%          6
g - Tukima's Dance        Hex            100%       N/A       0%          3
h - Slow                  Hex            100%       N/A       0%          1
i - Cause Fear            Hex            79%        N/A       0%          4
j - Magic Dart            Conj           100%       1d8       0%          1
k - Momentum Strike       Conj/Tloc      100%       3d10      0%          2
l - Airstrike             Air            79%        2d(12-28) 0%          4
m - Summon Cactus Giant   Summ           79%        N/A       0%          6
n - Haunt                 Necr/Summ      79%        N/A       0%          7
o - Disjunction           Tloc           79%        N/A       1%          8
p - Summon Horrible Thin  Summ           79%        N/A       1%          8
q - Dragon's Call         Summ           79%        N/A       1%          9
Your spell library was empty.

Dungeon Overview and Level Annotations

Branches:
Dungeon (15/15)            Temple (0/1) D:6            Lair (5/5) D:9
 Shoals (4/4) Lair:2       Spider (4/4) Lair:2        Slime (5/5) Lair:4
    Orc (2/2) D:12            Elf (3/3) Orc:2        Vaults (5/5) D:13
  Crypt (3/3) Vaults:2       Tomb (0/3) Crypt:3      Depths (4/4) D:15
   Hell (visited)             Dis (0/7) Hell            Geh (0/7) Hell
    Coc (0/7) Hell            Tar (0/7) Hell            Zot (5/5) Depths:4
 Bailey (visited)           IceCv (visited)

Altars:
Cheibriados
Dithmenos
Elyvilon
Fedhas
Gozag
Hepliaklqana
Makhleb
Okawaru
Ru
Trog
Uskayaw
Yredelemnul
Zin
Jiyva
Lugonu

Shops:
D:2 [   D:3 ?   D:7 (   D:9 [   D:13 [   D:15 *   Orc:2 (?*=[   Shoals:3 *=:*
Vaults:3 =   Vaults:5 [   Depths:1 *   Depths:2 :*:[   Depths:3 *

Portals:
Hell: Depths:1 Depths:2 Depths:3 Depths:4
Abyss: Depths:3
Pandemonium: Orc:2 Depths:2 Depths:4
Ziggurat: Depths:1
Trove: Depths:1 (give 2 scrolls of acquirement)

Annotations:
Depths:3 3 runed translucent doors, Yckashuo's ghost, veteran MfIE


Innate Abilities, Weirdness & Mutations

You are immune to sickness and miasma.
You are immune to poison.
Your flesh is very heat resistant. (rF++)
You are vulnerable to cold. (rC-)
You float through the air rather than walking.
You learn spells naturally, not from books.
Your magical power is your life essence.
You have superior vitality. (+4 MHP)
You have a pair of small horns on your head.
You are partially covered in iridescent scales. (AC +2)
You possess an exceptional clarity of mind.
Armour fits poorly on your strangely shaped body.
You are strong-willed. (Will+)
You are covered in fur. (AC +1)


Message History

The balrug is moderately wounded.
Unknown command.
Unknown command.
The balrug gestures at you. Something smites you!
There is a stone staircase leading up here.
You fly upwards.
There is a stone staircase leading down here.
Key pressed, stopping travel.
You can't go up here!
There is a stone staircase leading up here.
You fly upwards.
There is a stone staircase leading down here.
Things that are here:
2 stones; a +0 club; a kobold skeleton
There is an escape hatch in the ceiling here.
A large abomination comes into view.
Casting: Plasma Beam (safe; 0% risk of failure)
Confirm with . or Enter, or press ? or * to list all spells.
Casting: Plasma Beam (safe; 0% risk of failure)
Press: ? - help, Dir - look around, f - activate You feel a strong surge of power!
The bolt of lightning hits the large abomination!!
The large abomination is moderately damaged.
The fiery plasma misses the large abomination.
Unknown command.
Unknown command.
Casting: Plasma Beam (safe; 0% risk of failure)
Confirm with . or Enter, or press ? or * to list all spells.
Casting: Plasma Beam (safe; 0% risk of failure)
Press: ? - help, Dir - look around, f - activate You feel a strong surge of power!
The bolt of lightning hits the large abomination!!!
You destroy the large abomination!
Makhleb accepts your kill.
You feel better.
There is an escape hatch in the ceiling here.
A mysterious force pulls you upwards. The hatch slams shut behind you.
There is a staircase leading out of the dungeon here.
You have escaped!

........##########.#####
##.###.#
.#.....###.............#
##.#.##
.#.###.###.............# #..###
........##..###'#####..#####.##
#
##.#.#.###..#.......#..##....#
# #.....# #..#.......#.....##.#
# ###.### #..+....)..#..#####.#
# #.# #..#.......#..# #...# #
#†#####..#...@...#..# #.### ##
#.)..##..#.......+..# #.# #.
#.##.....#.......#..# #.# #.
#.#####..#.......#..###.## #.
#)# #..#####+###..##...# #. #.#
#[............####.# #. #.#
#.............# #.# #. #.#
#####.######### #.####. #.##
### #.## ###### #......


There were no monsters in sight!

Vanquished Creatures
  the Royal Jelly (Slime:5)
  A dread lich (Zot:5)
  Khufu (Crypt:2)
  7 orbs of fire
  Mara (Depths:3)
  6 ancient liches
  2 juggernauts (Depths:2)
  A royal mummy (Crypt:2)
  Bai Suzhen (Depths:1)
  2 Killer Klowns (Zot:5)
  Boris (twice) (Crypt:3 Depths:3)
  2 curse toes
  Geryon (Hell)
  The ghost of Kuligiro the Marksdemonspawn, a veteran DsWn of Gozag (Depths:1)
  11 caustic shrikes
  8 golden dragons
  3 pandemonium lords
  Jory (Crypt:1)
  Norris (Vaults:1)
  3 bone dragons
  A Brimstone Fiend (Depths:4)
  3 walking crystal tomes
  2 Tzitzimimeh
  An electric golem (Zot:5)
  6 titans
  23 Orb Guardians
  The ghost of Wioc the Warrior, an adept MiFi of Cheibriados (D:15)
  An Ice Fiend (Depths:4)
  Mlioglotl (Shoals:3)
  19 tentacled monstrosities
  2 deep elf blademasters
  13 acid blobs
  11 liches
  8 quicksilver dragons
  An Executioner (Abyss:3)
  3 deep elf master archers
  The ghost of GrimJard the Marksminotaur, an adept MiHu of Qazlal (Spider:4)
  A tentacled starspawn (Abyss:3)
  12 sphinxes
  7 death cobs
  A kraken (Shoals:1)
  An ancient champion (Depths:3)
  Polyphemus (Shoals:3)
  8 tengu reavers
  10 shadow dragons
  Gastronok (D:10)
  3 protean progenitors
  16 storm dragons
  Roxanne (Shoals:1)
  4 revenants
  Ilsuiw (Shoals:3)
  10 draconian monks
  8 azure jellies
  9 draconian knights
  10 rockslimes
  14 frost giants
  The ghost of Vughu the Sorcerer, an adept DEFE of Vehumet (Elf:2)
  8 ghost moths
  3 deep elf elementalists
  11 draconian scorchers
  3 balrugs
  16 vault wardens
  5 draconian shifters
  4 emperor scorpions (Spider:4)
  Louise (Shoals:3)
  11 deep elf sorcerers
  11 fire giants
  5 iron dragons
  2 draconian stormcallers (Depths:4)
  A cacodemon (Depths:2)
  6 ghouls
  2 curse skulls (Crypt:3)
  An orc warlord (Elf:2)
  An angel (Abyss:3)
  3 draconian annihilators
  22 ironbound preservers
  3 reapers (Hell)
  4 spriggan defenders (Depths:2)
  5 formless jellyfish
  12 quicksilver oozes
  15 stone giants
  3 broodmothers
  6 ironbound thunderhulks
  13 vampire knights
  2 lorocyprocas
  9 green draconians
  4 deep elf death magi
  14 spark wasps
  22 very ugly things
  3 deep elf demonologists
  3 starcursed masses
  9 deep elf annihilators
  11 red draconians
  13 black draconians
  10 white draconians
  A spectral titan (Crypt:3)
  A minotaur (Elf:2)
  7 purple draconians
  A wendigo (Hell)
  3 yellow draconians (Zot:1)
  2 war gargoyles
  6 blizzard demons
  7 merfolk javelineers
  15 ettins
  6 eidola
  9 merfolk impalers
  17 fire dragons
  16 jiangshi
  7 deep elf high priests
  9 entropy weavers
  The ghost of Coomn the Severer, a journeyman HOBe of Trog (Lair:2)
  14 yaktaur captains
  9 rakshasas
  An elf skeleton (Hell)
  A fenstrider witch zombie (Crypt:3)
  11 great orbs of eyes
  2 hell beasts
  Harold (D:10)
  A peacekeeper (Vaults:3)
  3 ogre magi (Vaults:5)
  5 merfolk avatars
  A quicksilver dragon skeleton (Crypt:2)
  A caustic shrike simulacrum (Hell)
  The ghost of Dykhluy the Thaumaturge, a journeyman GnFE of Vehumet (Lair:2)
  An Orb Guardian zombie (Crypt:1)
  7 radroaches
  11 ice dragons
  An alligator snapping turtle (Shoals:2)
  31 vault guards
  10 hydras
  6 jorogumos (Spider:4)
  An anaconda (shapeshifter) (Vaults:5)
  A demonspawn (Orc:2)
  9 spriggan air magi
  2 catoblepae
  4 ghost crabs (Lair:4)
  2 two-headed ogres (shapeshifter)
  The ghost of Konar the Skirmisher, a journeyman CoHu of Okawaru (D:11)
  2 merfolk aquamancers (Shoals:4)
  8 two-headed ogres
  16 ironbound frosthearts
  2 death knights
  3 satyrs
  22 centaur warriors
  9 boulder beetles
  A bennu skeleton (Crypt:1)
  5 tengu warriors
  10 deep troll earth magi
  14 deep troll shamans
  8 death yaks
  6 hell hogs (Hell)
  8 orc high priests
  4 demonic crawlers
  A naga warrior (Elf:2)
  A thrashing horror (Abyss:3)
  12 spriggan berserkers
  2 occultists
  Urug (Lair:4)
  24 dancing weapons
  2 spectral nagas (Crypt:3)
  16 vampire magi
  4 soul eaters
  11 hell knights
  6 sun demons
  2 wretched stars (Abyss:2)
  4 fire crabs (Lair:4)
  Sonja (Orc:1)
  A golden dragon zombie (Crypt:1)
  18 deep elf knights
  13 iron trolls
  5 pharaoh ants
  A bunyip zombie (Crypt:3)
  2 sixfirhies
  20 skeletal warriors
  13 sea snakes
  10 skysharks
  A death drake (Abyss:3)
  A deep troll (shapeshifter) (Vaults:5)
  13 deep elf archers
  A mana viper (Abyss:3)
  83 deep trolls
  A goliath frog (Lair:5)
  8 large abominations
  16 shadow wraiths (Crypt:3)
  3 bog bodies (Crypt:1)
  A storm dragon skeleton (Crypt:1)
  11 flayed ghosts
  12 orb spiders
  3 glowing orange brains
  A mana viper (shapeshifter) (Depths:3)
  7 arcanists
  An obsidian statue (Depths:1)
  2 bunyip skeletons
  4 steelbarb worms
  A spriggan simulacrum (Hell)
  A fenstrider witch simulacrum (Hell)
  A shadow demon (Depths:4)
  8 thermic dynamos
  30 phantasmal warriors
  An anaconda skeleton (Hell)
  An alligator zombie (Crypt:1)
  A shadow dragon zombie (Crypt:1)
  11 harpies
  3 lightning spires (Abyss:3)
  11 necromancers
  9 orc knights
  20 ironbound convokers
  10 lindwurms
  27 wolf spiders
  A shadow dragon skeleton (Vaults:3)
  18 deep elf zephyrmancers
  35 ugly things
  31 deep elf pyromancers
  A salamander (Depths:4)
  5 orc sorcerers
  5 cyclopes
  19 manticores
  The ghost of Konar the Skirmisher, a novice CoHu of the Shining One (D:6)
  4 fauns
  4 shining eyes
  3 worldbinders
  6 black mambas
  8 merfolk sirens
  2 spectral ettins (Crypt:3)
  35 moths of wrath
  An alligator skeleton (Crypt:3)
  An apocalypse crab (Lair:4)
  90 slime creatures
  15 vault sentinels
  2 kobold blastminers (Orc:2)
  5 rust devils (Hell)
  A black mamba (shapeshifter) (D:13)
  An ice statue (IceCv)
  A centaur skeleton (Hell)
  4 water nymphs
  A stone giant skeleton (Crypt:1)
  An elf zombie (Vaults:3)
  2 gargoyles
  3 torpor snails
  3 unseen horrors
  10 smoke demons
  2 dire elephant zombies (Crypt:3)
  26 cane toads
  An orange demon (Orc:2)
  A hellion (Abyss:3)
  A torpor snail (shapeshifter) (Vaults:5)
  3 eyes of devastation
  A titan simulacrum (Vaults:3)
  A steelbarb worm zombie (Crypt:1)
  8 komodo dragons
  4 kobold demonologists
  21 yaktaurs
  10 rime drakes
  8 ice devils
  5 tengu conjurers
  10 freezing wraiths
  2 efreet (D:15)
  A hydra zombie (Hell)
  A harpy zombie (Crypt:2)
  5 guardian mummies (Crypt:3)
  A queen bee (shapeshifter) (Elf:1)
  An alligator snapping turtle skeleton (Crypt:2)
  A death yak skeleton (Crypt:2)
  13 hornets
  2 ancient zymes
  An unseen horror skeleton (Crypt:1)
  10 wind drakes
  12 trolls
  An iron troll skeleton (Crypt:1)
  A wind drake (shapeshifter) (Vaults:5)
  A polar bear (shapeshifter) (Elf:3)
  41 jumping spiders
  A wolf spider simulacrum (D:15)
  25 merfolk
  2 glass eyes
  2 hellwings
  6 polar bears
  17 tarantellas
  6 tyrant leeches
  12 snapping turtles
  2 harpy skeletons
  23 blink frogs
  8 dream sheep
  A culicivora zombie (Crypt:2)
  3 raiju
  A dream sheep (shapeshifter) (Depths:2)
  A stone giant simulacrum (Vaults:3)
  14 shadows
  6 air elementals
  A dire elephant simulacrum (Hell)
  6 wyverns
  67 yaks
  14 water elementals
  2 centaur simulacra
  3 ynoxinuls
  22 culicivoras
  10 spriggans
  4 wraiths
  3 vampires
  6 basilisks
  Grum (D:8)
  2 steam dragons
  A neqoxec (Abyss:3)
  6 fire elementals
  2 redbacks (shapeshifter)
  67 redbacks
  2 wargs
  4 chaos spawn
  12 vampire mosquitoes
  4 small abominations (D:7)
  A glowing shapeshifter zombie (Crypt:3)
  An acid dragon (D:9)
  2 harpy simulacra (Hell)
  A human skeleton (Vaults:3)
  20 water moccasins
  A water moccasin (shapeshifter) (Elf:1)
  Duvessa (D:7)
  3 black bears
  A glowing shapeshifter skeleton (Crypt:3)
  2 hell hounds (Depths:4)
  30 orc warriors
  3 sky beasts
  A meliai simulacrum (D:11)
  3 ice beasts
  A sky beast (shapeshifter) (D:13)
  11 laughing skulls
  2 boggarts (Elf:3)
  A swamp dragon zombie (Crypt:3)
  9 ogres
  9 centaurs
  A snapping turtle skeleton (Crypt:3)
  29 wolves
  2 phantoms
  9 weeping skulls (Crypt:3)
  8 kobold brigands
  8 gnoll sergeants
  12 bullfrogs
  2 earth elementals
  A salamander skeleton (Crypt:2)
  6 scorpions
  3 wights
  Dowan (D:7)
  5 killer bees (D:8)
  7 howler monkeys
  3 electric eels
  A quasit (Depths:3)
  3 hounds
  25 orc priests
  2 bombardier beetles
  5 jellies
  A gnoll bouda (D:8)
  2 sleepcaps
  2 iron imps (Abyss:2)
  6 iguanas
  16 orc wizards
  13 hell rats
  A hound zombie (Crypt:2)
  A howler monkey zombie (Crypt:2)
  3 mummies
  37 gnolls
  7 adders
  4 shadow imps
  7 white imps
  3 ufetubi
  2 ribbon worms (D:2)
  4 dart slugs
  70 orcs
  8 ball pythons
  3 bats
  A bat zombie (D:4)
  4 endoplasms
  3 giant cockroaches
  13 goblins
  11 hobgoblins
  6 jackals (D:1)
  4 quokkas
  4 frilled lizards
  2 frilled lizard zombies (D:4)
  44 kobolds
  An orc skeleton (Crypt:2)
  8 rats
  An aspiring flesh (Zot:2)
  A creeping inferno (Hell)
  2 fulminant prisms (Bailey)
  2 tentacles (Shoals:1)
2804 creatures vanquished.

Vanquished Creatures (collateral kills)
  The ghost of Xorhejoo the Cryomancer, a master OnAl of Vehumet (Zot:2)
  2 ancient liches (Zot:5)
  2 orbs of fire (Zot:5)
  Vv (Depths:4)
  2 golden dragons
  An electric golem (Zot:5)
  A tentacled monstrosity (Hell)
  6 Orb Guardians (Zot:5)
  A titan (Vaults:5)
  6 acid blobs (Slime:5)
  A quicksilver dragon (Zot:2)
  Murray (Hell)
  A death cob (Zot:5)
  A tengu reaver (Depths:1)
  A shadow dragon (Zot:5)
  2 rockslimes (Slime:5)
  A draconian monk (Zot:1)
  A protean progenitor (Zot:2)
  A draconian knight (Zot:1)
  2 azure jellies (Slime:5)
  2 iron dragons
  A vault warden (Vaults:2)
  A draconian shifter (Zot:5)
  A balrug (Depths:4)
  2 reapers (Hell)
  A draconian scorcher (Zot:1)
  An orc warlord (Bailey)
  2 ironbound preservers
  5 quicksilver oozes (Slime:5)
  2 ironbound thunderhulks
  2 yellow draconians (Zot:5)
  A red draconian (Zot:1)
  A black draconian (Zot:5)
  A war gargoyle (Hell)
  A deep elf annihilator (Elf:3)
  A white draconian (Zot:5)
  4 dire elephants
  3 iron golems (Hell)
  A fire dragon (Depths:1)
  2 crystal guardians
  2 vault guards (Vaults:2)
  3 green deaths (Hell)
  A great orb of eyes (Slime:5)
  A peacekeeper (Vaults:2)
  A yaktaur captain (Vaults:4)
  A centaur warrior (D:8)
  An ironbound frostheart (Vaults:2)
  A deep troll earth mage (Depths:4)
  A hell hog (Hell)
  A demonic crawler (Hell)
  2 sun demons (Depths:4)
  An iron troll (Hell)
  2 soul eaters (Hell)
  3 lightning spires (Abyss:3)
  A harpy (Shoals:3)
  An ugly thing (Vaults:4)
  A necromancer (Hell)
  3 moths of wrath (Zot:2)
  A shining eye (Slime:5)
  A large abomination (Abyss:3)
  2 vault sentinels
  A smoke demon (Abyss:3)
  An orc skeleton (Hell)
  A rust devil (Hell)
  A naga skeleton (Hell)
  A storm dragon simulacrum (Hell)
  A black draconian zombie (Crypt:2)
  A minotaur zombie (Crypt:2)
  2 hellions
  Maggie (D:7)
  4 yaktaurs (Zot:5)
  A tarantella (Spider:2)
  2 glass eyes (Slime:5)
  2 raiju (Abyss:3)
  A snapping turtle (Shoals:4)
  A wraith (Crypt:2)
  4 slime creatures (Slime:5)
  A redback (Spider:2)
  A wight (D:5)
  A crocodile zombie (Crypt:2)
  An orc (D:8)
130 creatures vanquished.

Vanquished Creatures (others)
  An ancient lich (Elf:1)
  A shadow dragon (Zot:4)
  A white draconian (Zot:5)
  A fire dragon (Depths:4)
  A merfolk impaler (Abyss:3)
  A deep troll earth mage (Depths:1)
  A deep elf knight (Elf:1)
  A deep elf zephyrmancer (Elf:1)
  A merfolk siren (Shoals:1)
  A titan simulacrum (Hell)
  A hornet (Depths:3)
  A dire elephant simulacrum (Hell)
  A small abomination (Abyss:3)
  A foxfire (Zot:2)
  50 fulminant prisms
  2 tentacles (Shoals:1)
66 creatures vanquished.

Grand Total: 3000 creatures vanquished

Notes
Turn   | Place    | Note
-------+----------+-------------------------------------------
     0 | D:1      | lontrex the Djinni Conjurer began the quest for the Orb.
     0 | D:1      | lontrex set off with the following spells memorised: Magic
                  | Dart, Searing Ray, Fulminant Prism, Iskenderun's Mystic
                  | Blast.
     0 | D:1      | Reached XP level 1. HP: 15/15 MP: 0/0
    88 | D:1      | Reached XP level 2. HP: 9/22 MP: 0/0
   226 | D:1      | Reached skill level 1 in Fighting
   277 | D:1      | Reached XP level 3. HP: 17/27 MP: 0/0
   277 | D:1      | Learned a level 1 spell: Slow
   903 | D:2      | Reached XP level 4. HP: 25/32 MP: 0/0
  1055 | D:2      | Found Dyos's Antique Armour Shop.
  1336 | D:2      | Found a burning altar of Makhleb.
  1347 | D:2      | Became a worshipper of Makhleb the Destroyer
  1556 | D:3      | Found a snail-covered altar of Cheibriados.
  1575 | D:3      | Noticed a gnoll sergeant
  1999 | D:3      | Found a bloodstained altar of Trog.
  2080 | D:3      | Found a glowing silver altar of Zin.
  2122 | D:3      | Reached XP level 5. HP: 36/38 MP: 0/0
  2122 | D:3      | Learned a level 2 spell: Momentum Strike
  2325 | D:3      | Found Ydiawa's Magic Scroll Shoppe.
  2389 | D:3      | Reached skill level 5 in Spellcasting
  2389 | D:3      | Reached skill level 5 in Conjurations
  2389 | D:3      | Reached skill level 5 in Hexes
  2389 | D:3      | Reached skill level 5 in Summonings
  2389 | D:3      | Reached skill level 5 in Necromancy
  2389 | D:3      | Reached skill level 5 in Translocations
  2389 | D:3      | Reached skill level 5 in Fire Magic
  2389 | D:3      | Reached skill level 5 in Ice Magic
  2389 | D:3      | Reached skill level 5 in Air Magic
  2389 | D:3      | Reached skill level 5 in Earth Magic
  2389 | D:3      | Reached skill level 5 in Alchemy
  2437 | D:3      | Reached XP level 6. HP: 42/45 MP: 0/0
  2728 | D:4      | Reached skill level 1 in Invocations
  2732 | D:4      | Identified the +4 ring mail "Uwazucau" {^Drain rCorr Int+4
                  | Slay+3}
  2787 | D:4      | Found a white marble altar of Elyvilon.
  2894 | D:4      | Found an opulent altar of Gozag.
  2905 | D:4      | Reached * piety under Makhleb
  2957 | D:4      | Reached XP level 7. HP: 46/50 MP: 0/0
  2957 | D:4      | Learned a level 3 spell: Tukima's Dance
  3176 | D:5      | Entered Level 5 of the Dungeon
  3302 | D:5      | Reached XP level 8. HP: 54/58 MP: 0/0
  3319 | D:5      | Identified the ring of Erixzeff {rF+ Str+2 Dex+3}
  3839 | D:5      | Reached ** piety under Makhleb
  3842 | D:5      | Reached skill level 5 in Fighting
  4057 | D:5      | Reached XP level 9. HP: 51/65 MP: 0/0
  4057 | D:5      | Learned a level 4 spell: Airstrike
  4550 | D:6      | Reached skill level 5 in Invocations
  4704 | D:6      | Found a runed translucent door.
  4705 | D:6      | Noticed Konar's ghost (novice CoHu)
  4771 | D:6      | Found a staircase to the Ecumenical Temple.
  5055 | D:6      | Reached *** piety under Makhleb
  5229 | D:6      | Killed Konar's ghost
  5230 | D:6      | Reached XP level 10. HP: 57/73 MP: 0/0
  5319 | D:7      | Found a flagged portal.
  5326 | Bailey   | Entered a bailey
  5331 | Bailey   | Noticed an orc warlord
  5381 | Bailey   | Found a runed translucent gate.
  5383 | Bailey   | Found a runed translucent gate.
  5385 | Bailey   | Found a runed translucent gate.
  5515 | Bailey   | Killed an orc warlord
  5663 | D:7      | Noticed Maggie
  5671 | D:7      | Killed Maggie
  5759 | D:7      | Found a blossoming altar of Fedhas.
  5897 | D:7      | Noticed a cyan ugly thing
  5898 | D:7      | Noticed a green ugly thing
  5899 | D:7      | Found a corrupted altar of Lugonu.
  6062 | D:7      | Noticed Duvessa
  6062 | D:7      | Noticed Dowan
  6066 | D:7      | Killed Dowan
  6068 | D:7      | Killed Duvessa
  6072 | D:7      | Found Gyereray's Weapon Shop.
  6265 | D:7      | Found a transporter.
  6267 | D:7      | Found a transporter.
  6267 | D:7      | Noticed a red ugly thing
  6474 | D:7      | Killed an unseen horror
  6477 | D:7      | Killed a cyan ugly thing
  6478 | D:7      | Reached skill level 10 in Spellcasting
  6478 | D:7      | Reached skill level 10 in Conjurations
  6478 | D:7      | Reached skill level 10 in Hexes
  6478 | D:7      | Reached skill level 10 in Summonings
  6478 | D:7      | Reached skill level 10 in Necromancy
  6478 | D:7      | Reached skill level 10 in Translocations
  6478 | D:7      | Reached skill level 10 in Fire Magic
  6478 | D:7      | Reached skill level 10 in Ice Magic
  6478 | D:7      | Reached skill level 10 in Air Magic
  6478 | D:7      | Reached skill level 10 in Earth Magic
  6478 | D:7      | Reached skill level 10 in Alchemy
  6478 | D:7      | Reached XP level 11. HP: 66/82 MP: 0/0
  6478 | D:7      | Learned a level 4 spell: Cause Fear
  6478 | D:7      | Killed a red ugly thing
  6482 | D:7      | Killed a red ugly thing
  6498 | D:7      | Identified the +11 rapier of Imbalance {speed, Int+6}
  6603 | D:8      | Reached skill level 1 in Short Blades
  6611 | D:8      | Reached skill level 1 in Evocations
  6723 | D:8      | Reached **** piety under Makhleb
  6729 | D:8      | Noticed a centaur warrior
  6739 | D:8      | Killed a centaur warrior
  6747 | D:8      | Reached skill level 10 in Fighting
  7085 | D:8      | Noticed a manticore
  7088 | D:8      | Killed a manticore
  7251 | D:8      | Noticed Grum
  7259 | D:8      | Killed Grum
  7288 | D:8      | Noticed a deep elf pyromancer
  7293 | D:8      | Killed a deep elf pyromancer
  7399 | D:9      | Noticed a two-headed ogre
  7405 | D:9      | Killed a two-headed ogre
  7689 | D:9      | Reached XP level 12. HP: 64/92 MP: 0/0
  7790 | D:9      | Noticed a soul eater
  7790 | D:9      | Noticed a soul eater
  7796 | D:9      | Reached ***** piety under Makhleb
  7800 | D:9      | Reached skill level 5 in Short Blades
  7819 | D:9      | Found a staircase to the Lair.
  7841 | D:9      | Found Wuttuoc's Armour Shoppe.
  7864 | D:9      | Bought a +1 helmet for 161 gold pieces
  7883 | D:9      | Found a sacrificial altar of Ru.
  8080 | D:9      | Found a shadowy altar of Dithmenos.
  8190 | D:9      | Found a faded altar of an unknown god.
  8195 | D:9      | Found a hazy altar of Hepliaklqana.
  8270 | D:9      | Found the ring of the Tortoise {AC+8}
  8311 | D:10     | Entered Level 10 of the Dungeon
  8311 | D:10     | Noticed Harold
  8318 | D:10     | Killed a +0 short sword
  8325 | D:10     | Killed Harold
  8326 | D:10     | Reached skill level 5 in Evocations
  8399 | D:10     | Found a burning altar of Makhleb.
  8697 | D:10     | Noticed Gastronok
  8706 | D:10     | Killed Gastronok
  8859 | D:10     | Noticed a two-headed ogre
  8866 | D:10     | Killed a two-headed ogre
  9115 | D:11     | Noticed a two-headed ogre
  9115 | D:11     | Found a runed translucent gate.
  9115 | D:11     | Found a runed translucent gate.
  9115 | D:11     | Found a runed translucent gate.
  9126 | D:11     | Killed a two-headed ogre
  9156 | D:11     | Noticed Konar's ghost (journeyman CoHu)
  9211 | D:11     | Reached XP level 13. HP: 95/100 MP: 0/0
  9211 | D:11     | Learned a level 5 spell: Iskenderun's Battlesphere
  9228 | D:11     | Acquired the +0 pair of gloves of Forking Paths {+Inv rC+
                  | Dex+3}
  9321 | D:11     | Reached skill level 1 in Armour
  9902 | D:11     | Killed Konar's ghost
  9993 | D:12     | Reached skill level 5 in Armour
 10186 | D:12     | You are sucked into a shaft and drop 1 floor!
 10188 | D:13     | Noticed a centaur warrior
 10199 | D:13     | Killed a centaur warrior
 10199 | D:13     | Noticed a centaur warrior
 10214 | D:13     | Killed a centaur warrior
 10303 | D:12     | Found a staircase to the Orcish Mines.
 10361 | D:12     | Reached ****** piety under Makhleb
 10374 | D:12     | Reached XP level 14. HP: 61/108 MP: 0/0
 10442 | D:12     | Found a frozen archway.
 10448 | IceCv    | Entered an ice cave
 10712 | IceCv    | Noticed a frost giant
 10721 | IceCv    | Killed a frost giant
 11308 | D:13     | Found Xidocasm's Armour Emporium.
 11454 | D:13     | Found a gate to the Vaults.
 11494 | D:13     | Upgraded the game from 0.32-a0-876-gcfddb08e57 to
                  | 0.32-a0-886-g41c5271027
 12224 | D:14     | Reached XP level 15. HP: 117/117 MP: 0/0
 12224 | D:14     | Learned a level 6 spell: Plasma Beam
 12943 | D:15     | Entered Level 15 of the Dungeon
 13030 | D:15     | Reached XP level 16. HP: 112/124 MP: 0/0
 13143 | D:15     | Found a runed translucent door.
 13144 | D:15     | Noticed Wioc's ghost (adept MiFi)
 13236 | D:15     | Found Isudyr's Assorted Antiques.
 13244 | D:15     | Bought a scroll labelled KAUR HIMERUMA for 33 gold pieces
 13383 | D:15     | Reached skill level 15 in Fighting
 13646 | D:15     | Found a hide-covered altar of Uskayaw.
 13770 | D:15     | Found a staircase to the Depths.
 13888 | D:15     | Killed Wioc's ghost
 13992 | Orc:1    | Entered Level 1 of the Orcish Mines
 14037 | Orc:1    | Noticed Sonja
 14038 | Orc:1    | Killed Sonja
 14149 | Orc:2    | Entered Level 2 of the Orcish Mines
 14149 | Orc:2    | Found a staircase to the Elven Halls.
 14561 | Orc:2    | Found Mietou's Weapon Boutique.
 15246 | Orc:2    | Found Nayquhonk's Magic Scroll Shop.
 15255 | Orc:2    | Found Ruroumou's General Store.
 15271 | Orc:2    | Bought a potion of curing for 36 gold pieces
 15271 | Orc:2    | Bought a potion of heal wounds for 60 gold pieces
 15329 | Orc:2    | Paralysed by an orc sorcerer for 5 turns
 15378 | Orc:2    | Found Qoju's Antique Armour Emporium.
 15378 | Orc:2    | Found Wacalaq's Jewellery Shoppe.
 15379 | Orc:2    | Found a one-way gate leading to the halls of Pandemonium.
 15406 | Orc:2    | Bought an amulet of the acrobat for 390 gold pieces
 15406 | Orc:2    | Bought the ring of Peceggaa {rC+ Str+3 Int+2} for 552 gold
                  | pieces
 15537 | Lair:1   | Entered Level 1 of the Lair of Beasts
 16033 | Lair:3   | Reached XP level 17. HP: 122/133 MP: 0/0
 16033 | Lair:3   | Learned a level 6 spell: Permafrost Eruption
 16322 | Lair:3   | You are sucked into a shaft and drop 2 floors!
 16322 | Lair:5   | Entered Level 5 of the Lair of Beasts
 16807 | Lair:5   | Got an earthy gem with 2482 turns to spare
 16850 | Lair:5   | Identified the +6 ring mail of Responsibility {Str+5}
 16986 | Lair:5   | Reached skill level 15 in Spellcasting
 16986 | Lair:5   | Reached skill level 15 in Conjurations
 16986 | Lair:5   | Reached skill level 15 in Hexes
 16986 | Lair:5   | Reached skill level 15 in Summonings
 16986 | Lair:5   | Reached skill level 15 in Necromancy
 16986 | Lair:5   | Reached skill level 15 in Translocations
 16986 | Lair:5   | Reached skill level 15 in Fire Magic
 16986 | Lair:5   | Reached skill level 15 in Ice Magic
 16986 | Lair:5   | Reached skill level 15 in Air Magic
 16986 | Lair:5   | Reached skill level 15 in Earth Magic
 16986 | Lair:5   | Reached skill level 15 in Alchemy
 17703 | Lair:4   | Noticed Urug
 17707 | Lair:4   | Killed Urug
 17781 | Lair:4   | Found a runed translucent door.
 17842 | Lair:4   | Found a viscous altar of Jiyva.
 17846 | Lair:4   | Found a staircase to the Slime Pits.
 18098 | Lair:4   | Reached skill level 10 in Invocations
 18157 | Lair:4   | Identified the staff "Bilahesu" {Str+6 Int+2 Hexes Earth}
 18848 | Lair:2   | Found a hole to the Spider Nest.
 18881 | Lair:2   | Found a runed translucent gate.
 18881 | Lair:2   | Found a runed translucent gate.
 18881 | Lair:2   | Found a runed translucent gate.
 19179 | Lair:2   | Reached XP level 18. HP: 140/145 MP: 0/0
 19315 | Lair:2   | Noticed Coomn's ghost (journeyman HOBe)
 19317 | Lair:2   | Noticed Dykhluy's ghost (journeyman GnFE)
 19562 | Lair:2   | Found a staircase to the Shoals.
 19693 | Lair:2   | Killed Coomn's ghost
 19694 | Lair:2   | Killed Dykhluy's ghost
 20144 | D:3      | Bought a scroll of summoning for 114 gold pieces
 20144 | D:3      | Bought a scroll of identify for 24 gold pieces
 20144 | D:3      | Bought a scroll of enchant armour for 90 gold pieces
 20340 | Orc:2    | Bought a scroll of identify for 32 gold pieces
 20435 | Lair:1   | Upgraded the game from 0.32-a0-886-g41c5271027 to
                  | 0.32-a0-893-gf85d74f360
 20502 | Shoals:1 | Entered Level 1 of the Shoals
 20558 | Shoals:1 | Noticed Roxanne
 21014 | Shoals:2 | Identified the +4 scale mail of the Aged Ghosts {*Slow
                  | Will+ Str+4}
 21039 | Shoals:3 | Noticed Polyphemus
 21043 | Shoals:3 | Killed Polyphemus
 21058 | Shoals:3 | Noticed Mlioglotl
 21064 | Shoals:3 | Killed Mlioglotl
 21121 | Shoals:3 | Noticed Louise
 21126 | Shoals:3 | Killed Louise
 21142 | Shoals:3 | Found Kaserhos's Assorted Antiques.
 21162 | Shoals:3 | Bought a glowing cyan potion for 26 gold pieces
 21162 | Shoals:3 | Bought a potion of haste for 290 gold pieces
 21196 | Shoals:3 | Found Haoss's Book Emporium.
 21235 | Shoals:3 | Noticed Ilsuiw
 21299 | Shoals:4 | Entered Level 4 of the Shoals
 21578 | Shoals:4 | Reached skill level 10 in Evocations
 21583 | Shoals:4 | Identified the +3 quarterstaff "Djinni's Death" {flame, rF+
                  | Int+3 Dex+3}
 21722 | Shoals:4 | Got an azure gem with 587 turns to spare
 21724 | Shoals:4 | Got a barnacled rune of Zot
 21960 | Shoals:4 | Reached skill level 10 in Dodging
 22066 | Shoals:4 | Reached XP level 19. HP: 135/150 MP: 0/0
 22066 | Shoals:4 | Learned a level 6 spell: Summon Cactus Giant
 22475 | Shoals:3 | Found Rahuzit's General Store.
 22481 | Shoals:3 | Killed Ilsuiw
 22531 | Shoals:3 | Upgraded the game from 0.32-a0-893-gf85d74f360 to
                  | 0.32-a0-898-g7811c86cf0
 22534 | Shoals:3 | Found Enopis's Jewellery Shop.
 23441 | Shoals:1 | Killed Roxanne
 24298 | Spider:1 | Entered Level 1 of the Spider Nest
 24307 | Spider:1 | Reached skill level 1 in Shields
 25113 | Spider:2 | Reached skill level 5 in Shields
 25515 | Spider:3 | Reached XP level 20. HP: 157/157 MP: 0/0
 25657 | Spider:4 | Entered Level 4 of the Spider Nest
 25961 | Spider:4 | Identified the +1 pair of boots of Altruism {Str+3}
 25980 | Spider:4 | Got a milky-white gem with 714 turns to spare
 25982 | Spider:4 | Got a gossamer rune of Zot
 26310 | Spider:4 | Found a large runed translucent door.
 26311 | Spider:4 | Found a large runed translucent door.
 26312 | Spider:4 | Noticed GrimJard's ghost (adept MiHu)
 26334 | Spider:4 | Killed GrimJard's ghost
 27115 | Lair:1   | Gained mutation: Your movements are slightly less
                  | encumbered by armour. (ER -2) [potion of mutation]
 27115 | Lair:1   | Gained mutation: Your mind is acute. (Int +4, Str/Dex -1)
                  | [potion of mutation]
 27115 | Lair:1   | Gained mutation: Your natural rate of healing is unusually
                  | fast. [potion of mutation]
 27200 | Elf:1    | Entered Level 1 of the Elven Halls
 27203 | Elf:1    | Identified the +6 leather armour of the Cockatrice {Str+4
                  | SInv}
 27420 | Elf:2    | Paralysed by an air elemental for 1 turns
 27482 | Elf:3    | Entered Level 3 of the Elven Halls
 27554 | Elf:3    | Reached XP level 21. HP: 156/166 MP: 0/0
 27554 | Elf:3    | Learned a level 7 spell: Haunt
 27585 | Elf:3    | Found a flickering gateway to a bazaar.
 27596 | Bazaar   | Entered a bazaar
 27610 | Bazaar   | Found Oleott's Magic Scroll Shoppe.
 27610 | Bazaar   | Found Xogavov's General Store.
 27631 | Bazaar   | Found Lused's Jewellery Shoppe.
 27631 | Bazaar   | Found Ukheni's Magic Scroll Emporium.
 27652 | Bazaar   | Found Yqar's Weapon Shoppe.
 27707 | Bazaar   | Bought the amulet of Myas {Reflect rElec rN+++ MP+9 SH+5}
                  | for 1090 gold pieces
 27731 | Bazaar   | Bought a scroll of enchant armour for 82 gold pieces
 27752 | Bazaar   | Bought a scroll of blinking for 90 gold pieces
 27752 | Bazaar   | Bought a scroll of blinking for 90 gold pieces
 27758 | Bazaar   | Bought a potion of curing for 36 gold pieces
 27758 | Bazaar   | Bought a potion of curing for 36 gold pieces
 27871 | Elf:3    | Acquired the +2 helmet of Untruth {Regen+ Dex+2}
 28111 | Elf:3    | Paralysed by an air elemental for 1 turns
 28479 | Abyss:2  | Cast into level 2 of the Abyss (a deep elf sorcerer)
 28721 | Elf:3    | Escaped the Abyss
 28723 | Elf:3    | Noticed a Tzitzimitl
 28774 | Elf:3    | Identified the amulet "Ysae" {Reflect Harm Int+5 Dex-4
                  | SH+5}
 28789 | Elf:3    | Identified the staff of Imnoapia {Fly rC- rN+ Dex+2 Necro}
 28812 | Elf:3    | Identified the +6 shortbow of Prescription {flame, rPois
                  | rC+ Int-4 Dex+2}
 28819 | Elf:3    | Identified the +2 scimitar of Internal Strife {elec, rF+
                  | Str+4 SInv}
 28841 | Elf:3    | Identified the amulet "Qagob" {Spirit rC+ Str+4 Int-5}
 28894 | Elf:3    | Identified the +3 leather armour of Lust {Fly rF+ Regen+
                  | Int-5}
 28900 | Elf:3    | Identified the +8 orcbow "Sauklegi" {flame, rF+ rC+}
 28907 | Elf:3    | Identified the +6 rapier "Qutioh" {freeze, Str+4 Int-2}
 28920 | Elf:3    | Got a shimmering gem with 533 turns to spare
 29103 | Elf:2    | Found a runed translucent gate.
 29103 | Elf:2    | Found a runed translucent gate.
 29105 | Elf:2    | Found a runed translucent gate.
 29107 | Elf:2    | Noticed Vughu's ghost (adept DEFE)
 29140 | Elf:2    | Found an iron altar of Okawaru.
 29244 | Elf:2    | Found a runed translucent door.
 29268 | Elf:2    | Reached skill level 10 in Short Blades
 29377 | Elf:2    | Found a huge runed translucent gate.
 29377 | Elf:2    | Found a huge runed translucent gate.
 29379 | Elf:2    | Found a huge runed translucent gate.
 29379 | Elf:2    | Found a huge runed translucent gate.
 29380 | Elf:2    | Found a huge runed translucent gate.
 29606 | Elf:2    | Killed Vughu's ghost
 29619 | Elf:2    | Identified the +3 chain mail "Nemm" {Will+ Str+4 Int+2
                  | Stlth+}
 29689 | Elf:2    | Reached XP level 22. HP: 158/176 MP: 0/0
 30315 | Elf:1    | Noticed an ancient lich
 30324 | Elf:1    | Killed an ancient lich
 30344 | Elf:1    | Identified the +0 battleaxe of the Mushroom {antimagic,
                  | ^Drain rN+ Dex+5}
 30344 | Elf:1    | Identified the ring "Noel" {+Blink rC+ Will+}
 30381 | Elf:1    | Found the +8 frozen axe "Frostbite" {freeze, freezing
                  | cloud, *Noise Fly rC+}
 30383 | Elf:1    | Identified the +4 shortbow of Demand {elec, rN+ SInv}
 30383 | Elf:1    | Identified the ring of Qiud Kye {Ice rN+ MP+9}
 30861 | Elf:1    | Found the +5 Storm Queen's Shield {shock, Fly rElec}
 31384 | Vaults:1 | Entered Level 1 of the Vaults
 31857 | Vaults:2 | Reached XP level 23. HP: 179/184 MP: 0/0
 31857 | Vaults:2 | Learned a level 8 spell: Disjunction
 32281 | Vaults:2 | Found a staircase to the Crypt.
 32626 | Vaults:3 | Found Fawev's Jewellery Emporium.
 32657 | Vaults:3 | Reached skill level 10 in Shields
 33535 | Vaults:4 | Acquired the ring of the Uplifting Fool {Str+3 Int+6 Dex+4
                  | Stlth-}
 33824 | Vaults:4 | Identified the ring "Juuruer" {Ice +Blink rCorr Int-5
                  | Slay+3}
 33869 | Vaults:5 | Entered Level 5 of the Vaults
 33876 | Vaults:5 | Reached XP level 24. HP: 191/191 MP: 0/0
 33881 | Vaults:5 | Noticed an ancient lich
 33881 | Vaults:5 | Noticed a golden dragon
 33889 | Vaults:5 | Killed an ancient lich
 33889 | Vaults:5 | Noticed an ancient lich
 33916 | Vaults:5 | Noticed an ancient lich
 33920 | Vaults:5 | Noticed a golden dragon
 33927 | Vaults:5 | Killed an ancient lich
 33927 | Vaults:5 | Killed a golden dragon
 33947 | Vaults:5 | Killed an ancient lich
 34189 | Vaults:5 | Killed a golden dragon
 34198 | Vaults:5 | Reached XP level 25. HP: 197/197 MP: 0/0
 34198 | Vaults:5 | Learned a level 8 spell: Summon Horrible Things
 34260 | Vaults:5 | Found Itaum's Armour Shop.
 34298 | Vaults:5 | Noticed an ancient lich
 34314 | Vaults:5 | Killed an ancient lich
 34451 | Vaults:5 | Identified the ring "Neonig" {Will+ Slay+5}
 34517 | Vaults:5 | Identified the ring of Onyr {rPois rF- Will+ Int+6}
 34630 | Vaults:5 | Got a shining gem with 516 turns to spare
 34632 | Vaults:5 | Got a silver rune of Zot
 34865 | Vaults:5 | Identified the +6 falchion of the Bursted God {flame, rF-
                  | rCorr Int+3 Dex+6}
 34993 | Vaults:5 | Identified the +0 pair of gloves of the Dice {Rampage
                  | Regen+ SInv}
 34994 | Vaults:5 | Identified the +4 falchion of Fot Arok {flame, rC+ rN+
                  | Will+ Dex+3}
 36128 | Vaults:2 | Identified the +4 rapier of Famine {chaos, *Slow Str-4
                  | Dex+8 Stlth+}
 36616 | Vaults:1 | Noticed Norris
 36620 | Vaults:1 | Killed Norris
 37114 | Crypt:1  | Entered Level 1 of the Crypt
 37210 | Crypt:1  | Noticed Jory
 37214 | Crypt:1  | Killed Jory
 37242 | Crypt:2  | Noticed a royal mummy
 37247 | Crypt:2  | Noticed Khufu
 37390 | Crypt:2  | Reached XP level 26. HP: 203/205 MP: 0/0
 37419 | Crypt:2  | Killed a royal mummy
 37420 | Crypt:2  | Killed Khufu
 37492 | Crypt:3  | Entered Level 3 of the Crypt
 37521 | Crypt:3  | Found a staircase to the Tomb.
 37873 | Crypt:3  | Identified the +2 robe "Lybuik" {rPois rC- rCorr Str+5}
 37873 | Crypt:3  | Noticed Boris
 37881 | Crypt:3  | Killed Boris
 37984 | Crypt:3  | Identified the ring "Dyetwo Jeiw" {rC- Dex+4 SInv Stlth+}
 38008 | Crypt:3  | Got an ivory gem with 907 turns to spare
 38009 | Crypt:3  | Identified the serpent talisman of Jubued {rF- rC++}
 38387 | Crypt:3  | Identified the staff "Ytaedum" {rN+ Str+3 Necro}
 38763 | Crypt:2  | Reached skill level 15 in Shields
 39011 | Crypt:2  | Identified the +7 rapier of the People {flame, rElec rPois
                  | rCorr Dex-2}
 39338 | Crypt:1  | Found a basalt altar of Yredelemnul.
 40057 | Slime:1  | Entered Level 1 of the Pits of Slime
 40404 | Slime:5  | Entered Level 5 of the Pits of Slime
 40421 | Slime:5  | Noticed the Royal Jelly
 40422 | Slime:5  | Reached XP level 27. HP: 213/213 MP: 0/0
 40422 | Slime:5  | Learned a level 9 spell: Dragon's Call
 40429 | Slime:5  | Gained mutation: You are clumsy. (Dex -2) [a shining eye]
 40430 | Slime:5  | Gained mutation: Armour fits poorly on your strangely
                  | shaped body. [a shining eye]
 40439 | Slime:5  | Killed the Royal Jelly
 40453 | Slime:5  | Gained mutation: Your health recovers twice as slowly from
                  | being drained. [a shining eye]
 40457 | Slime:5  | Got a starry gem with 210 turns to spare
 40490 | Slime:5  | Reached skill level 15 in Dodging
 40521 | Slime:5  | Got a slimy rune of Zot
 40588 | Slime:5  | Identified the amulet of Temptation {Acrobat rElec rF-
                  | Str+3 Int+5}
 40591 | Slime:5  | Identified the amulet of Woonej {Regen+ Int+4}
 42163 | Slime:1  | Gained mutation: You are very clumsy. (Dex -4) [a shining
                  | eye]
 42166 | Slime:1  | Gained mutation: You sometimes lose your temper in combat.
                  | [a shining eye]
 43042 | Depths:1 | Entered Level 1 of the Depths
 43047 | Depths:1 | Noticed Bai Suzhen
 43065 | Depths:1 | Killed Bai Suzhen
 43103 | Depths:1 | Found a one-way gateway to a ziggurat.
 43150 | Depths:1 | Found a runed translucent gate.
 43150 | Depths:1 | Found a runed translucent gate.
 43152 | Depths:1 | Found a runed translucent gate.
 43152 | Depths:1 | Found an opulent altar of Gozag.
 43152 | Depths:1 | Noticed Kuligiro's ghost (veteran DsWn)
 43243 | Depths:2 | Found Ocewoink's Book Boutique.
 43260 | Depths:2 | Noticed a juggernaut
 43264 | Depths:2 | Killed a juggernaut
 43266 | Depths:2 | Noticed a juggernaut
 43290 | Depths:2 | Killed a juggernaut
 43611 | Depths:2 | Found a gateway to Hell.
 43720 | Depths:3 | Found a one-way gate to the infinite horrors of the Abyss.
 43752 | Depths:3 | Identified the +2 robe of the Hot Ocelot {rElec Str-3 Int+4
                  | Archmagi}
 43752 | Depths:3 | Noticed Boris
 43758 | Depths:3 | Killed Boris
 43777 | Depths:4 | Entered Level 4 of the Depths
 43777 | Depths:4 | Noticed Vv
 43790 | Depths:4 | Killed Vv
 43795 | Depths:4 | Identified the +7 morningstar "Essefes" {venom, rPois}
 43996 | Depths:4 | Found a gate to the Realm of Zot.
 44004 | Depths:4 | Got a midnight gem with 2040 turns to spare
 44487 | Depths:4 | Found a white marble altar of Elyvilon.
 44656 | Depths:4 | Identified the +3 chain mail of Fortification {^Contam
                  | rElec rF++ Slay+2}
 44659 | Depths:4 | Identified the +4 great mace of Aloududo {freeze, rC+
                  | Dex+4}
 45122 | Depths:3 | Found Big Baal Hell's Store.
 45131 | Depths:3 | Upgraded the game from 0.32-a0-898-g7811c86cf0 to
                  | 0.32-a0-900-g30fb1b0edc
 45147 | Depths:3 | Noticed Mara
 45153 | Depths:3 | Killed Mara
 45460 | Depths:3 | Found a runed translucent gate.
 45461 | Depths:3 | Found a runed translucent gate.
 45462 | Depths:3 | Found a runed translucent gate.
 45462 | Depths:3 | Noticed Yckashuo's ghost (veteran MfIE)
 45462 | Depths:3 | Noticed Yckashuo's ghost (veteran MfIE)
 45598 | Depths:2 | Found Tumilladgh's General Store.
 45679 | Depths:2 | Found Iroab's Book Shoppe.
 45952 | Depths:2 | Found Ucuquticio's Armour Boutique.
 46020 | Depths:2 | Found a hazy altar of Hepliaklqana.
 46578 | Depths:1 | Found an iron altar of Okawaru.
 46651 | Depths:1 | Found a portal to a secret trove of treasure.
 46687 | Depths:1 | Found Deafucam's Assorted Antiques.
 46727 | Depths:1 | Killed Kuligiro's ghost
 46754 | Depths:1 | Bought a pair of faintly glowing gloves for 228 gold pieces
 46754 | Depths:1 | Identified the +2 pair of gloves of Wunowir {Harm rF+ Will+
                  | Dex+3} (You bought it in a shop on level 1 of the Depths)
 46950 | Depths:3 | Voluntarily entered the Abyss.
 46954 | Abyss:2  | Found a corrupted altar of Lugonu.
 47019 | Abyss:3  | Got an abyssal rune of Zot
 47134 | Depths:3 | Escaped the Abyss
 47213 | Hell     | Entered the Vestibule of Hell
 47213 | Hell     | Noticed Geryon
 47241 | Hell     | Noticed Murray
 47246 | Hell     | Killed Geryon
 47264 | Hell     | Killed Murray
 47361 | Hell     | Found a gateway to the freezing wastes of Cocytus.
 47481 | Hell     | Found a gateway to the ashen valley of Gehenna.
 47506 | Hell     | Found a gateway to the Iron City of Dis.
 47616 | Hell     | Found a gateway to the decaying netherworld of Tartarus.
 47725 | Hell     | Upgraded the game from 0.32-a0-900-g30fb1b0edc to
                  | 0.32-a0-909-gc671339a80
 47845 | Zot:1    | Entered Level 1 of the Realm of Zot
 48100 | Zot:2    | Found a transporter.
 48420 | Zot:4    | Identified the +7 lajatang "Beast's Nightmare" {spect,
                  | rElec rPois Will++ Int-5}
 48426 | Zot:5    | Entered Level 5 of the Realm of Zot
 48461 | Zot:5    | Reached skill level 27 in Earth Magic
 48473 | Zot:5    | Got a prismatic gem with 374 turns to spare
 48487 | Zot:5    | Noticed a dread lich
 48487 | Zot:5    | Noticed an ancient lich
 48489 | Zot:5    | Killed an ancient lich
 48492 | Zot:5    | Noticed a Killer Klown
 48493 | Zot:5    | Killed a dread lich
 48495 | Zot:5    | Killed a Killer Klown
 48496 | Zot:5    | Reached skill level 5 in Stealth
 48514 | Zot:5    | Noticed an orb of fire
 48516 | Zot:5    | Gained mutation: You have an uncontrollable temper. [an orb
                  | of fire]
 48517 | Zot:5    | Noticed an orb of fire
 48518 | Zot:5    | Gained mutation: You are frail. (-10% HP) [an orb of fire]
 48522 | Zot:5    | Noticed an orb of fire
 48522 | Zot:5    | Noticed an orb of fire
 48539 | Zot:5    | Killed an orb of fire
 48551 | Zot:5    | Gained mutation: You are weak. (Str -2) [an orb of fire]
 48551 | Zot:5    | Gained mutation: Your spells are a little easier to cast,
                  | but a little less powerful. [an orb of fire]
 48556 | Zot:5    | Gained mutation: You are very frail. (-20% HP) [an orb of
                  | fire]
 48560 | Zot:5    | Killed an orb of fire
 48562 | Zot:5    | Killed an orb of fire
 48565 | Zot:5    | Noticed an orb of fire
 48565 | Zot:5    | Noticed a Killer Klown
 48568 | Zot:5    | Noticed an orb of fire
 48569 | Zot:5    | Noticed an ancient lich
 48573 | Zot:5    | Noticed an ancient lich
 48575 | Zot:5    | Gained mutation: Your spells are easier to cast, but less
                  | powerful. [an orb of fire]
 48576 | Zot:5    | Noticed an orb of fire
 48577 | Zot:5    | Gained mutation: Your spells are much easier to cast, but
                  | much less powerful. [an orb of fire]
 48578 | Zot:5    | HP: 3/178 [yellow draconian/splash of acid (17)]
 48600 | Zot:5    | Killed an ancient lich
 48614 | Zot:5    | HP: 3/178 [purple draconian shifter/bolt of dispelling
                  | energy[a purple draconian shifter] (38)]
 48618 | Zot:5    | HP: 1/178 [orb of fire/bolt of fire (8)]
 48768 | Zot:5    | Killed a Killer Klown
 48775 | Zot:5    | Gained mutation: You are occasionally teleported next to
                  | monsters. [an orb of fire]
 48783 | Zot:5    | Killed an orb of fire
 48981 | Zot:5    | Killed an orb of fire
 48994 | Zot:5    | Killed an orb of fire
 48999 | Zot:5    | Gained mutation: You occasionally lose the ability to drink
                  | potions when taking damage. [an orb of fire]
 49079 | Zot:5    | Killed an ancient lich
 49131 | Zot:5    | Killed an orb of fire
 49264 | Zot:3    | Found a hazy altar of Hepliaklqana.
 49512 | Depths:2 | Lost mutation: Your health recovers twice as slowly from
                  | being drained. [potion of mutation]
 49512 | Depths:2 | Lost mutation: You are weak. (Str -2) [potion of mutation]
 49512 | Depths:2 | Lost mutation: Your natural rate of healing is unusually
                  | fast. [potion of mutation]
 49513 | Depths:2 | Lost mutation: Your movements are slightly less encumbered
                  | by armour. (ER -2) [potion of mutation]
 49513 | Depths:2 | Lost mutation: You are occasionally teleported next to
                  | monsters. [potion of mutation]
 49513 | Depths:2 | Lost mutation: Armour fits poorly on your strangely shaped
                  | body. [potion of mutation]
 49513 | Depths:2 | Lost mutation: You have an uncontrollable temper. [potion
                  | of mutation]
 49569 | Depths:1 | Lost mutation: You sometimes lose your temper in combat.
                  | [potion of mutation]
 49569 | Depths:1 | Lost mutation: You are very frail. (-20% HP) [potion of
                  | mutation]
 49569 | Depths:1 | Lost mutation: You occasionally lose the ability to drink
                  | potions when taking damage. [potion of mutation]
 49569 | Depths:1 | Gained mutation: Your muscles are strong. (Str +4, Int/Dex
                  | -1) [potion of mutation]
 49569 | Depths:1 | Gained mutation: You have a pair of small horns on your
                  | head. [potion of mutation]
 49569 | Depths:1 | Gained mutation: You possess an exceptional clarity of
                  | mind. [potion of mutation]
 49713 | Vaults:1 | Lost mutation: You are frail. (-10% HP) [potion of
                  | mutation]
 49713 | Vaults:1 | Lost mutation: You have a pair of small horns on your head.
                  | [potion of mutation]
 49713 | Vaults:1 | Lost mutation: Your mind is acute. (Int +4, Str/Dex -1)
                  | [potion of mutation]
 49713 | Vaults:1 | Gained mutation: You have supernaturally acute eyesight.
                  | (SInv) [potion of mutation]
 49713 | Vaults:1 | Gained mutation: You passively map a small area around you.
                  | [potion of mutation]
 50389 | Zot:1    | Noticed an orb of fire
 50395 | Zot:1    | Gained mutation: You occasionally lose the ability to drink
                  | potions when taking damage. [an orb of fire]
 50404 | Zot:1    | Gained mutation: You have hidden genetic defects. [an orb
                  | of fire]
 50629 | Zot:1    | Lost mutation: You possess an exceptional clarity of mind.
                  | [an orb of fire]
 50634 | Zot:1    | Gained mutation: You have terrible hidden genetic defects.
                  | [an orb of fire]
 50635 | Zot:1    | Killed an orb of fire
 50636 | Zot:1    | Lost mutation: You have supernaturally acute eyesight.
                  | (SInv) [potion of mutation]
 50636 | Zot:1    | Lost mutation: You passively map a small area around you.
                  | [potion of mutation]
 50636 | Zot:1    | Lost mutation: Your spells are much easier to cast, but
                  | much less powerful. [potion of mutation]
 50636 | Zot:1    | Lost mutation: Your muscles are strong. (Str +4, Int/Dex
                  | -1) [potion of mutation]
 50636 | Zot:1    | Gained mutation: Your body sometimes deteriorates upon
                  | taking damage. [potion of mutation]
 50636 | Zot:1    | Lost mutation: You have terrible hidden genetic defects.
                  | [potion of mutation]
 50637 | Zot:1    | Lost mutation: You occasionally lose the ability to drink
                  | potions when taking damage. [potion of mutation]
 50637 | Zot:1    | Lost mutation: Your spells are easier to cast, but less
                  | powerful. [potion of mutation]
 50637 | Zot:1    | Lost mutation: You are very clumsy. (Dex -4) [potion of
                  | mutation]
 50637 | Zot:1    | Gained mutation: You are partially covered in iridescent
                  | scales. (AC +2) [potion of mutation]
 50638 | Zot:1    | Lost mutation: You are clumsy. (Dex -2) [potion of
                  | mutation]
 50638 | Zot:1    | Lost mutation: You are partially covered in iridescent
                  | scales. (AC +2) [potion of mutation]
 50638 | Zot:1    | Lost mutation: Your spells are a little easier to cast, but
                  | a little less powerful. [potion of mutation]
 50638 | Zot:1    | Gained mutation: Armour fits poorly on your strangely
                  | shaped body. [potion of mutation]
 50638 | Zot:1    | Gained mutation: You are dopey. (Int -2) [potion of
                  | mutation]
 50638 | Zot:1    | Gained mutation: Your spells are a little harder to cast,
                  | but a little more powerful. [potion of mutation]
 50638 | Zot:1    | Gained mutation: You are strong-willed. (Will+) [potion of
                  | mutation]
 50639 | Zot:1    | Lost mutation: You are strong-willed. (Will+) [potion of
                  | mutation]
 50639 | Zot:1    | Lost mutation: You are dopey. (Int -2) [potion of mutation]
 50639 | Zot:1    | Gained mutation: You occasionally lose the ability to read
                  | scrolls when taking damage. [potion of mutation]
 50639 | Zot:1    | Gained mutation: You possess an exceptional clarity of
                  | mind. [potion of mutation]
 50640 | Zot:1    | Lost mutation: Your spells are a little harder to cast, but
                  | a little more powerful. [potion of mutation]
 50640 | Zot:1    | Lost mutation: You have hidden genetic defects. [potion of
                  | mutation]
 50640 | Zot:1    | Gained mutation: You are occasionally teleported next to
                  | monsters. [potion of mutation]
 50640 | Zot:1    | Gained mutation: You are covered in fur. (AC +1) [potion of
                  | mutation]
 50641 | Zot:1    | Lost mutation: You are occasionally teleported next to
                  | monsters. [potion of mutation]
 50641 | Zot:1    | Lost mutation: You occasionally lose the ability to read
                  | scrolls when taking damage. [potion of mutation]
 50641 | Zot:1    | Lost mutation: Your body sometimes deteriorates upon taking
                  | damage. [potion of mutation]
 50641 | Zot:1    | Gained mutation: You are strong-willed. (Will+) [potion of
                  | mutation]
 50641 | Zot:1    | Gained mutation: You have a pair of small horns on your
                  | head. [potion of mutation]
 50641 | Zot:1    | Gained mutation: You are partially covered in iridescent
                  | scales. (AC +2) [potion of mutation]
 50695 | Zot:1    | Noticed an orb of fire
 50699 | Zot:1    | Killed an orb of fire
 50774 | Zot:1    | Identified the +4 fire dragon scales of Naolody {rF++ rC-
                  | Str+4 Dex+7 Stlth-}
 51676 | Shoals:3 | Bought a potion of mutation for 136 gold pieces
 52233 | Zot:2    | Found a transporter.
 52245 | Zot:2    | Identified the ring "Keoprus" {rN+ AC+4 Int+4 Dex-4}
 52513 | Zot:2    | Identified the +0 hat "Ripopara" {rF+ rN+ Will+ Str+3}
 52637 | Zot:2    | Identified the +2 rapier "Zajazom" {speed, rElec rF++ Str+3
                  | SInv}
 52657 | Zot:2    | Found a runed translucent gate.
 52657 | Zot:2    | Found a runed translucent gate.
 52657 | Zot:2    | Found a runed translucent gate.
 52661 | Zot:2    | Noticed Xorhejoo's ghost (master OnAl)
 52797 | Zot:2    | Killed Xorhejoo's ghost
 53803 | Zot:3    | Reached skill level 10 in Stealth
 53957 | Zot:4    | Reached skill level 27 in Fighting
 55021 | Zot:5    | Got the Orb of Zot
 55036 | Zot:5    | Noticed Jaon the pandemonium lord
 55037 | Zot:5    | Noticed an ancient lich
 55038 | Zot:5    | Killed Jaon the pandemonium lord
 55041 | Zot:5    | Killed an ancient lich
 55191 | Depths:3 | Noticed Vaarotti the pandemonium lord
 55198 | Depths:3 | Killed Vaarotti the pandemonium lord
 55493 | D:4      | Noticed Usagiomp the pandemonium lord
 55507 | D:4      | Killed Usagiomp the pandemonium lord
 55546 | D:$      | Escaped with the Orb!

Illustrated notes

Levels and vault maps discovered:
D:1:      lemuel_arrival_room, layout_loops_ring, minmay_tromino_i2
D:2:      layout_basic, basic_altar, serial_shops, nicolae_shop_crystal
D:3:      minmay_chambers_of_twos, layout_loops_ring, zin_academy,
          kennysheep_slug_shrine, nicolae_overflow_hidden_temple, serial_shops,
          nicolae_shop_rolled_up, minmay_misc_feat_columns, minmay_fountain_box,
          minmay_misc_feat_rugged
D:4:      layout_basic, lemuel_crystal_altar, lemuel_zombie_altar_kikubaaqudgha,
          mainiacjoe_overflow_divided_tiny
D:5:      layout_rooms, minmay_fractal_squares_diagonal_5
D:6:      layout_cave_pools, minmay_temple_entry_arrows,
          ebering_ghost_reflecting_pool, kennysheep_small_circle
D:7:      gammafunk_corrupted_shrine, layout_cave_pods, fedhas_altar_4,
          serial_shops, nicolae_shop_bloodbath_and_beyond, enter_bailey_3,
          uniq_duvessa, uniq_maggie
D:8:      layout_rooms, nicolae_doodle_vault, uniq_grum
D:9:      layout_rooms, kennysheep_mini, mainiacjoe_overflow_large_starburst,
          beargit_hepliaklqana_dungeon_heroes, minmay_lair_entry_grove,
          serial_shops, nicolae_shop_just_a_little_nook
D:10:     layout_stronghold, bloody_makhleb, uniq_gastronok, uniq_harold
D:11:     layout_irregular_city, gammafunk_ghost_icy, minmay_variable_closet
D:12:     layout_roguey, kennysheep_orc_monster_closet_entryway,
          portal_ice_cave_rime
D:13:     layout_basic, david_vaults_2, serial_shops, shop, st_stairs_8
D:14:     layout_stronghold, nicolae_concentric_dashed_squares_wild
D:15:     grunt_enter_depths_hoard, layout_stronghold, serial_shops,
          nicolae_shop_advertising_works [nicolae_subvault_shop_adworks],
          hellmonk_ghost_happy_afterlife, minmay_door_square,
          nicolae_uskayaw_suspiria
Lair:1:   layout_roguey
Lair:2:   layout_long_grid, minmay_shoals_entry_lonely_mermaid,
          nicolae_spider_entry_orb_guardian, gammafunk_ghost_cemetery,
          serial_forest, infiniplex_forest_clump_curved,
          infiniplex_forest_end_3, infiniplex_forest_clump_curved,
          infiniplex_forest_straight_2, infiniplex_forest_straight_2,
          infiniplex_forest_end_double, infiniplex_forest_clump_curved,
          infiniplex_forest_lined_2, infiniplex_forest_pool,
          nicolae_quartered_pool_super
Lair:3:   layout_gridlike, enter_volcano_2, grunt_forest_large_clearing_hut,
          infiniplex_staircase_pool, serial_bayou_shore_a
Lair:4:   gammafunk_mikee_crab_dinner, layout_gridlike, dpeg_slime_entry_corner,
          uniq_urug
Lair:5:   minmay_lair_end_frog_pond, layout_layer_cave,
          chequers_serial_rivers_large_a
Shoals:1: layout_shoals, uniq_roxanne
Shoals:2: layout_shoals
Shoals:3: layout_shoals, serial_shops, nicolae_shop_stone,
          nicolae_shop_gaudy_bauble, nicolae_shop_crystal, shop, uniq_louise,
          uniq_ilsuiw, uniq_mlioglotl, uniq_polyphemus
Shoals:4: shoals_end_grunt_ice, layout_shoals
Spider:1: layout_spider_delve, nicolae_spider_twisty_arc_passages
Spider:2: layout_spider_delve, hangedman_stitches_earthworm
Spider:3: layout_spider_delve, nicolae_spider_circle_web
Spider:4: spider_rune_water, ebering_ghost_disaster_area,
          nicolae_spider_world_wide_web
Slime:1:  cheibrodos_slime_lost_civilization_10, layout_caves
Slime:2:  layout_caves, nicolae_slime_barrier
Slime:3:  layout_caves
Slime:4:  layout_caves
Slime:5:  slime_pit
Orc:1:    layout_diamond_mine, uniq_sonja
Orc:2:    pf_orc_diabolical, layout_diamond_mine, serial_shops,
          nicolae_diamond_shop
Elf:1:    minmay_the_grid_plus_closed [minmay_the_grid_broken_lines,
          minmay_the_grid_tri_star, minmay_the_grid_rooms,
          minmay_the_grid_embedded, minmay_the_grid_prize_shrinking_boxes],
          layout_geoelf_grid, nicolae_elf_crossing_hall,
          nicolae_elf_deep_friendship
Elf:2:    elven_hall_of_blades_hangedman_alternative [nicolae_blade_tridents],
          layout_geoelf_octagon, gammafunk_ghost_fury_of_okawaru, minivault_13
Elf:3:    minmay_elf_hall_dome, layout_loops_corners, serial_shops,
          freezing_bzr, nicolae_elf_m_pinch, hangedman_elf_disciples
Vaults:1: nicolae_vaults_offset_grid_hallway_1, hangedman_vaults_nails,
          nicolae_vaults_windows_and_doors_thing, ontoclasm_vaults_hangar,
          vaults_dpeg_ring, nicolae_vaults_double_plus_2, grunt_vaults_twisty,
          nicolae_vaults_three_branches, vaults_mumra_minichess,
          hangedman_vaults_pinch, nicolae_vaults_trapezoid_lopsided_4,
          nicolae_vaults_little_squares_3, grunt_vaults_focal,
          layout_vaults_maze, uniq_norris
Vaults:2: nicolae_vaults_closet_pinwheel_5, ontoclasm_vaults_hangar,
          hangedman_vaults_impose, v_misc_25, nicolae_vaults_ellipses_ellipsis,
          minmay_crypt_entry_simple_sparse, nicolae_vaults_door_testing_chamber,
          vaults_room_large_hall, v_misc_29, nicolae_vaults_sesquioval_fish,
          v_pattern_5, layout_vaults_omnigrid, uniq_margery
Vaults:3: hangedman_vaults_nodes, vaults_room_fours, ontoclasm_vaults_eye,
          nicolae_vaults_off_center_swirl, nicolae_vaults_frosty_reception,
          vaults_dpeg_spiral, v_pattern_1, nicolae_vaults_tetromino_L_2,
          hangedman_vaults_locks, nicolae_vaults_tangram_1,
          nicolae_vaults_shelves_hall, vaults_dpeg_emergency_exit,
          layout_vaults_omnicross, serial_shops, shop
Vaults:4: nicolae_vaults_doubleplus_tesselated,
          nicolae_vaults_mini_display_case, nicolae_vaults_sesquioval_fish,
          grunt_vaults_bifocal, serial_ice_b, nicolae_vaults_hallways_thing,
          hangedman_vaults_nails, layout_vaults_omnibox
Vaults:5
Crypt:1:  layout_chaotic_city, serial_library_hellmonk_open_cross,
          weyrava_vampire_temple, grunt_crypt_arrival_split, grunt_megastairs_5,
          uniq_jory
Crypt:2:  layout_chaotic_city, serial_library_hellmonk_secret_room,
          roderic_lattice_octagonal_star, uniq_khufu
Crypt:3:  church_of_pain_bobbens, layout_chaotic_city, serial_sigils,
          serial_sigils_hangedman_writhe, serial_sigils_hangedman_gnaw,
          serial_sigils_hangedman_gut, serial_sigils_hangedman_scratch,
          grunt_ministairs_7, st_burial_chamber, uniq_boris
Depths:1: layout_cave_pools, enter_ziggurat_e, lightli_too_deep,
          ebering_ghost_gozag, nicolae_eternal_life,
          nicolae_trove_entry_crystal, okawaru_ov_weapons_minmay,
          uniq_bai_suzhen
Depths:2: minmay_octagon_city, layout_gridlike, rand_demon_pan_entry_4,
          pf_coc_iceberg, serial_shops, nicolae_shop_statue_plus, shop,
          kennysheep_mini_moat, shop, lemuel_statue_altar,
          kennysheep_generic_room_4, serial_bayou_shore_b
Depths:3: minmay_open_boxes_in_corner, layout_honeycomb, abyss_entry,
          solitary_fountain, gammafunk_ghost_cemetery,
          nicolae_hell_entry_big_baal_hell, infiniplex_staircase_pool_2,
          uniq_mara
Depths:4: grunt_zot_entry_gee_three, layout_gridville, special_room
          [special_room_mythical_zoo], hellmouth_1, elyvilon_altar_5,
          rand_demon_pan_entry_5, chequers_serial_rivers_micro_b,
          minmay_fire_ice_demons, uniq_vv
Hell
Zot:1:    regret_index_infernal_bastille, layout_gridville, bh_zot_lava_cross
Zot:2:    gammafunk_the_bubble [the_bubble_gammafunk_grid],
          layout_twisted_circle, gammafunk_ghost_split, skrybe_zot_glass_1
Zot:3:    layout_cathedral_of_symmetry, basic_altar, regret_index_zotdec_icy_dp
Zot:4:    layout_cathedral_of_symmetry
Zot:5:    layout_misc_corridors

Skill      XL: |  1  2  3  4  5  6  7  8  9 10 11 12 13 14 15 16 17 18 19 20 21 22 23 24 25 26 27 |
---------------+----------------------------------------------------------------------------------+-----
Fighting       | 1 2 3 4 5 6 8 10 11 12 14 16 18 19 20 21 22 27 | 27.0
Spellcasting   | 4 5 6 8 10 12 13 14 15 17 18 19 20 21 22 26 | 26.6
Conjurations   | 4 5 6 8 10 12 13 14 15 17 18 19 20 21 22 26 | 26.6
Hexes          | 4 5 6 8 10 12 13 14 15 17 18 19 20 21 22 26 | 26.6
Summonings     | 4 5 6 8 10 12 13 14 15 17 18 19 20 21 22 26 | 26.6
Necromancy     | 4 5 6 8 10 12 13 14 15 17 18 19 20 21 22 26 | 26.6
Translocations | 4 5 6 8 10 12 13 14 15 17 18 19 20 21 22 26 | 26.6
Fire Magic     | 4 5 6 8 10 12 13 14 15 17 18 19 20 21 22 26 | 26.6
Ice Magic      | 4 5 6 8 10 12 13 14 15 17 18 19 20 21 22 26 | 26.6
Air Magic      | 4 5 6 8 10 12 13 14 15 17 18 19 20 21 22 26 | 26.6
Earth Magic    | 4 5 6 8 10 12 13 14 15 17 18 19 20 21 22 27 | 27.0
Alchemy        | 4 5 6 8 10 12 13 14 15 17 18 19 20 21 22 26 | 26.6
Invocations    | 1 2 4 5 6 7 10 12 14 | 14.0
Short Blades   | 4 6 8 10 | 10.0
Evocations     | 3 6 10 14 | 14.0
Armour         | 6 7 |  7.1
Dodging        | 7 10 11 13 14 18 | 18.0
Shields        | 6 8 11 12 14 15 17 | 17.0
Stealth        | 11 | 11.1

Action                     |  1- 3 |  4- 6 |  7- 9 | 10-12 | 13-15 | 16-18 | 19-21 | 22-24 | 25-27 || total
---------------------------+-------+-------+-------+-------+-------+-------+-------+-------+-------++-------
  Melee: Unarmed           |     5 |       |       |       |       |       |       |       |       ||     5
         Dagger            |       |       |     6 |     5 |       |       |       |       |       ||    11
         Rapier            |       |       |       |    19 |     7 |    27 |    19 |    20 |    68 ||   160
   Cast: Magic Dart        |    66 |    84 |    93 |    72 |     4 |     1 |       |       |       ||   320
         Searing Ray       |     4 |    15 |    42 |    34 |    36 |     5 |     2 |     1 |       ||   139
         Iskenderun's Myst |       |     4 |    19 |    80 |   120 |    65 |   162 |    91 |   259 ||   800
         Fulminant Prism   |       |     3 |     6 |    31 |     2 |     3 |     5 |       |     2 ||    52
         Tukima's Dance    |       |       |     4 |    10 |       |       |       |       |     1 ||    15
         Airstrike         |       |       |     1 |    28 |    86 |   317 |   189 |    43 |   119 ||   783
         Slow              |       |       |       |     1 |       |       |       |       |       ||     1
         Iskenderun's Batt |       |       |       |       |    34 |    41 |    37 |     7 |    13 ||   132
         Plasma Beam       |       |       |       |       |    20 |   291 |   288 |   330 |  1125 ||  2054
         Permafrost Erupti |       |       |       |       |       |    29 |    59 |    35 |   275 ||   398
         Summon Cactus Gia |       |       |       |       |       |       |     3 |     2 |    16 ||    21
         Haunt             |       |       |       |       |       |       |     1 |     3 |    10 ||    14
         Disjunction       |       |       |       |       |       |       |       |     1 |     3 ||     4
         Summon Horrible T |       |       |       |       |       |       |       |       |    19 ||    19
         Dragon's Call     |       |       |       |       |       |       |       |       |    11 ||    11
         Cause Fear        |       |       |       |       |       |       |       |       |     1 ||     1
 Invoke: Lesser Servant of |       |       |       |     1 |       |       |       |       |       ||     1
         Greater Servant o |       |       |       |       |       |     1 |       |       |     1 ||     2
         Major Destruction |       |       |       |       |       |       |       |       |     1 ||     1
  Evoke: Wand              |       |       |       |     3 |       |     1 |       |       |     6 ||    10
         Box of beasts     |       |       |       |     1 |       |       |       |       |       ||     1
         Phantom mirror    |       |       |       |       |       |     1 |       |     1 |     1 ||     3
         Condenser vane    |       |       |       |       |       |       |     1 |     1 |     3 ||     5
         Phial of floods   |       |       |       |       |       |       |       |     1 |       ||     1
         Lightning rod     |       |       |       |       |       |       |       |       |     3 ||     3
    Use: Scroll            |       |       |       |    12 |    11 |    18 |     5 |     7 |    19 ||    72
         Potion            |       |       |       |     3 |     3 |     3 |     1 |     6 |    52 ||    68
   Stab: Sleeping          |       |       |       |     1 |       |       |       |       |       ||     1
         Distracted        |       |       |       |       |       |       |       |       |     8 ||     8
 Armour: Robe              |    11 |    13 |    61 |     3 |       |       |       |       |   180 ||   268
         Steam dragon scal |       |       |       |    63 |       |       |       |       |       ||    63
         Troll leather arm |       |       |       |       |   151 |   162 |   131 |    19 |       ||   463
         Leather armour    |       |       |       |       |       |       |       |    51 |   137 ||   188
  Dodge: Dodged            |    13 |     8 |    72 |    54 |    79 |    90 |    85 |    25 |   188 ||   614
         Repelled          |       |       |       |       |       |       |    29 |    28 |   115 ||   172
  Block: Buckler           |       |       |       |       |       |       |    47 |    12 |       ||    59
         Reflection        |       |       |       |       |       |       |     5 |    36 |    49 ||    90
         Kite shield       |       |       |       |       |       |       |       |    58 |   430 ||   488

Table legend: (Time is in decaauts)
 A = Elapsed time spent in this place.
 B = Non-inter-level travel time spent in this place.
 C = Inter-level travel time spent in this place.
 D = Time resting spent in this place.
 E = Time spent auto-exploring this place.
 F = Levels seen in this place.
 G = Mean time per level.
                   A        B        C        D        E       F      G
               +--------+--------+--------+--------+--------+-----+--------+
         Total |  55440 |  47573 |   7867 |   2931 |  31111 |  62 |  894.2 |
       Dungeon |  15464 |  12416 |   3048 |   1699 |   8245 |  15 | 1030.9 |
          Lair |   5388 |   4402 |    986 |     48 |   3452 |   5 | 1077.6 |
        Shoals |   3441 |   3112 |    329 |    140 |   1914 |   4 |  860.2 |
   Spider Nest |   2742 |   2581 |    161 |      0 |   1809 |   4 |  685.5 |
    Slime Pits |   2545 |   2199 |    346 |    112 |   1554 |   5 |  509.0 |
  Orcish Mines |   1568 |   1388 |    180 |    147 |    637 |   2 |  784.0 |
   Elven Halls |   3563 |   3199 |    364 |      5 |   1964 |   3 | 1187.7 |
        Vaults |   5903 |   5130 |    773 |     49 |   3703 |   5 | 1180.6 |
         Crypt |   2653 |   2507 |    146 |     18 |   1776 |   3 |  884.3 |
        Depths |   4626 |   3780 |    846 |    103 |   2592 |   4 | 1156.5 |
          Hell |    515 |    457 |     58 |     39 |    298 |   1 |  515.0 |
           Zot |   5512 |   4886 |    626 |    490 |   2804 |   5 | 1102.4 |
         Abyss |    422 |    422 |      0 |     14 |    178 |   3 |  140.7 |
        Bazaar |    202 |    202 |      0 |      0 |     42 |   1 |  202.0 |
        Bailey |    300 |    300 |      0 |      0 |     23 |   1 |  300.0 |
      Ice Cave |    588 |    588 |      0 |     66 |    120 |   1 |  588.0 |
               +--------+--------+--------+--------+--------+-----+--------+

Top non-repeatable levels by time:
Depths:2: 1363 daAuts
    D:15: 1333 daAuts
Vaults:2: 1319 daAuts
   Elf:3: 1312 daAuts
  Lair:2: 1274 daAuts
   Zot:3: 1270 daAuts
Depths:3: 1268 daAuts
Vaults:5: 1267 daAuts
Depths:4: 1224 daAuts
     D:7: 1219 daAuts
   Orc:2: 1203 daAuts
     D:5: 1188 daAuts
   Zot:1: 1177 daAuts
    D:12: 1170 daAuts
Vaults:1: 1160 daAuts
